AoeStats
← CultKaos

Four Lakes

510210275Analyzed
1v1 RM · 2d ago on Sep 30, 2026· 48m 59s· 2 players
Game mode
Random Map
Map size
Tiny (2 player)
Population
200
Speed
Normal
Resources
Standard
Victory
Conquest
Starting age
Dark Age
Ending age
Imperial Age
RankedLock teamsTeams togetherTeam positionsShared explorationLock speedFull tech treeHidden civsTurbo modeCheats
Victory
Defeat
🇵🇪 Khmer · Peru
1295
+16
🇳🇴 Lithuanians · Norway
1299
-16
CL
2:31 Loom
13:50 Feudal Age
17:07 Castle Age
15:54 Double-Bit Axe
16:01 Gold Mining
16:59 Scale Barding Armor
18:08 Chain Barding Armor
17:44 Horse Collar
20:00 Gold Shaft Mining
19:47 Forging
20:20 Husbandry
21:03 Bloodlines
23:51 Wheelbarrow
23:01 Town Watch
25:06 Fishing Lines
25:49 Bow Saw
26:14 Scale Mail Armor
30:18 Imperial Age
28:36 Heavy Plow
28:07 Pikeman
29:40 Hand Cart
29:51 Chain Mail Armor
30:04 Town Patrol
30:37 Gillnets
31:25 Light Cavalry
32:37 Crop Rotation
35:02 Conscription
34:26 Halberdier
35:10 Arson
36:03 Iron Casting
36:03 Plate Barding Armor
39:10 Blast Furnace
38:23 Hussar
42:49 Elite Battle Elephant
49:24 Tusk Swords
50:06 Plate Barding Armor
CultKaos
0:36 Loom
12:08 Feudal Age
16:23 Double-Bit Axe
16:23 Horse Collar
16:28 Fishing Lines
18:51 Castle Age
17:36 Gold Mining
17:37 Stone Mining
18:02 Fletching
18:17 Scale Barding Armor
20:07 Bloodlines
20:24 Bow Saw
20:26 Pikeman
26:41 Husbandry
30:43 Wheelbarrow
33:54 Imperial Age
32:40 Chain Barding Armor
32:29 Scale Mail Armor
32:19 Town Watch
33:17 Forging
34:13 Cavalier
35:55 Plate Barding Armor
37:18 Chemistry
38:06 Conscription
39:59 Padded Archer Armor
47:26 Halberdier
Connection lost

Rejoining the realm…

Still unreachable

The connection could not be restored.

Session expired

The server has moved on; the page needs a fresh start.